Construct Infanterie Kompanie
Construct Panzergrenadier Kompanie
Selects Mechanized Battlegroup
Construct Luftwaffe Kompanie
Selects Mobile Repair Stations
Selects 8 Rad Armored Car
Selects Mobile Repair Stations
Pak 40 Anti-tank Gun Team
Pak 40 Anti-tank Gun Team
Selects Wespe Self-propelled Artillery
Flak 30 Anti-aircraft Gun Team
Selects Mechanized Assault
Pak 40 Anti-tank Gun Team
Selects UNKNOWN (2160084)
Pak 40 Anti-tank Gun Team